 Dungeon Sprint DCSS version 0.30-a0-830-gfe289a77b0 (webtiles) character file.

Game seed: 15225662492822998194

2552 rocky1 the Unseen (level 9, -20/127 HPs)
             Began as a Naga Enchanter on Mar 1, 2023.
             Was a High Priest of Sif Muna.
             Demolished by a freezing wraith (22 damage)
             ... in the Dungeon (Sprint VII: "The Pits").
             The game lasted 00:07:46 (1288 turns).

rocky1 the Unseen (Naga Enchanter)                  Turns: 1288, Time: 00:07:46

Health: -20/127    AC:  4    Str: 10    XL:     9   Next: 56%
Magic:  18/18      EV: 12    Int: 19    God:    Sif Muna [*****.]
Gold:   0          SH:  0    Dex: 13    Spells: 6/21 levels left

rFire   . . .      SeeInvis +    o - +0 long sword (holy)
rCold   . . .      Faith    .    (no shield)
rNeg    . . .      Spirit   .    n - +0 robe
rPois   +          Reflect  .    (no helmet)
rElec   .          Harm     .    (no cloak)
rCorr   .          Rampage  .    (no gloves)
Will    +....      NoTele   +    (no barding) Stlth
                                 (no amulet)
HPRegen 0.41/turn                (no ring)
MPRegen 0.16/turn                (no ring)

@: berserking (expiring), slowed, very slow
A: AC +3, large, see invisible, deformed body, poison resistance, slowness 2,
spit poison 1, naga tail 1
a: Spit Poison, Renounce Religion, Channel Magic, Forget Spell, Divine Exegesis


You were in the Dungeon.
You worshipped Sif Muna.
Sif Muna was extremely pleased with you.
You visited 1 branch

Inventory:

Hand Weapons
 a - a +1 dagger of draining
 b - a +4 falchion of freezing
 o - a +0 long sword of holy wrath (weapon)
 s - a +2 scimitar of flaming
 t - a +2 rapier of electrocution
Armour
 n - a +0 robe (worn)
 u - a +0 leather armour
Jewellery
 j - a +3 ring of strength
 k - a +3 ring of evasion
Scrolls
 i - a scroll of blinking
 l - 4 scrolls of amnesia
 m - a scroll of summoning
Potions
 c - a potion of invisibility
 d - 8 potions of curing
 e - 6 potions of heal wounds
 f - a potion of haste
 g - 4 potions of magic
 h - a potion of berserk rage
 p - a potion of might
 q - a potion of brilliance
 r - a potion of resistance


   Skills:
 + Level 6.8 Fighting
 * Level 9.8 Short Blades
 + Level 6.0 Dodging
 * Level 15.4 Stealth
 + Level 6.6 Spellcasting
 + Level 7.7 Hexes
 * Level 6.0 Fire Magic
 + Level 7.5 Invocations


You had 6 spell levels left.
You knew the following spells:

 Your Spells              Type           Power      Damage    Failure   Level
a - Ensorcelled Hibernat  Hex/Ice        42%        N/A       3%          2
b - Confusing Touch       Hex            35%        N/A       1%          3
c - Tukima's Dance        Hex            35%        N/A       1%          3
d - Dazzling Flash        Conj/Hex       42%        N/A       6%          3
e - Flame Wave            Conj/Fire      17%        2d7       30%         4

Your spell library contained the following spells:

 Spells                   Type           Power      Damage    Failure   Level
 Scorch                   Fire           58%        2d8       1%          2
 Apportation              Tloc           12%        N/A       11%         1
 Necrotise                Necr           24%        1d5       11%         1
 Summon Small Mammal      Summ           24%        N/A       11%         1
 Ignite Poison            Fire/Tmut/Pois 13%        N/A       14%         3
 Momentum Strike          Conj/Tloc      12%        3d8       16%         2
 Gell's Gravitas          Tloc           6%         N/A       32%         3
 Swiftness                Air            6%         N/A       32%         3
 Iskenderun's Mystic Bla  Conj/Tloc      6%         2d4       71%         4
 Summon Forest            Summ/Tloc      3%         N/A       96%         5
 Ignition                 Fire           14%        3d6       100%        8


Dungeon Overview and Level Annotations

Branches:
Dungeon (1/1)

Altars:
Ashenzari
Cheibriados
Dithmenos
Elyvilon
Fedhas
Gozag
Hepliaklqana
Kikubaaqudgha
Makhleb
Nemelex Xobeh
Okawaru
Qazlal
Ru
Sif Muna
Trog
Uskayaw
Vehumet
Wu Jian
Xom
Yredelemnul
Zin
The Shining One
Jiyva
Lugonu


Innate Abilities, Weirdness & Mutations

Your serpentine skin is tough. (AC +3)
You have supernaturally acute eyesight. (SInv)
Armour fits poorly on your strangely shaped body.
Your system is resistant to poisons. (rPois)
You cover ground very slowly.
You can spit poison.
You have a snake-like lower body.


Message History

Your +2 rapier of electrocution stops crackling.
Your +0 long sword of holy wrath softly glows with a divine radiance!
o - a +0 long sword of holy wrath (weapon)
A red film seems to cover your vision as you go berserk!
You feel yourself moving faster!
You feel mighty! The freezing wraith misses you.
The freezing wraith barely misses you.
You hit the freezing wraith but do no damage.
The freezing wraith hits you! The freezing wraith freezes you!!
The freezing wraith hits you but does no damage.
You hit the freezing wraith but do no damage.
You closely miss the freezing wraith. The freezing wraith hits you.
The freezing wraith freezes you!! The freezing wraith hits you.
You slash the freezing wraith!
The freezing wraith convulses!
The freezing wraith is severely damaged.
The freezing wraith closely misses you. x2
You hit the freezing wraith.
The freezing wraith convulses.
The freezing wraith is severely damaged.
The freezing wraith hits you. The freezing wraith freezes you!
The freezing wraith barely misses you.
You closely miss the freezing wraith.
The freezing wraith is severely damaged.
The freezing wraith hits you! The freezing wraith freezes you!
The freezing wraith barely misses you.
You slash the freezing wraith!
The freezing wraith convulses.
The freezing wraith is almost destroyed.
You barely miss the freezing wraith.
The freezing wraith is almost destroyed.
The freezing wraith hits you!
* * * LOW HITPOINT WARNING * * *
The freezing wraith freezes you!
* * * LOW HITPOINT WARNING * * *
The freezing wraith hits you!
* * * LOW HITPOINT WARNING * * *
The freezing wraith drains your vigour!
You feel yourself slow down.
You hit the freezing wraith but do no damage.
The freezing wraith is almost destroyed.
The freezing wraith hits you.
* * * LOW HITPOINT WARNING * * *
The freezing wraith freezes you!!
You die...

###...<...###....## ##
.##.......# ##')## ##..+
.##.......###.÷))###....#
###.......##.)....#....#
)###########...÷..'...H+
############..)..W#....#
#....#..[[###..x.###.W..#
#....#..[[# ##†W## ##..+
†....'..))# #†..@# ##
#....#..))##....†.#
#....#....##...†..#
###################


You could see a freezing wraith and a small abomination.

Vanquished Creatures
  A lindwurm (D)
  An elephant (D)
  An ice devil (D)
  A polar bear (D)
  A wyvern (D)
  A swamp drake (D)
  A water moccasin (D)
  A sky beast (D)
  5 wolves (D)
  4 wights (D)
  A crimson imp (D)
  3 orc priests (D)
  2 jellies (D)
  A gnoll bouda (D)
  4 gnolls (D)
  A river rat (D)
  An adder zombie (D)
  An adder skeleton (D)
  2 orcs (D)
  A ball python (D)
  An endoplasm (D)
  3 giant cockroaches (D)
  A frilled lizard (D)
  A giant cockroach zombie (D)
  A rat (D)
41 creatures vanquished.

Notes
Turn   | Place    | Note
-------+----------+-------------------------------------------
     0 | D        | rocky1 the Naga Enchanter began the quest for the Orb.
     0 | D        | Reached XP level 1. HP: 15/15 MP: 3/3
    46 | D        | Found a bloodstained altar of Trog.
    46 | D        | Found a shimmering blue altar of Sif Muna.
    46 | D        | Found a viscous altar of Jiyva.
    46 | D        | Found a hazy altar of Hepliaklqana.
    46 | D        | Found an opulent altar of Gozag.
    47 | D        | Found a glowing golden altar of the Shining One.
    47 | D        | Found a glowing silver altar of Zin.
    47 | D        | Found a basalt altar of Yredelemnul.
    47 | D        | Found a shimmering altar of Xom.
    47 | D        | Found an ornate altar of the Wu Jian Council.
    47 | D        | Found a sacrificial altar of Ru.
    47 | D        | Found a stormy altar of Qazlal.
    47 | D        | Found an iron altar of Okawaru.
    47 | D        | Found a sparkling altar of Nemelex Xobeh.
    47 | D        | Found a burning altar of Makhleb.
    47 | D        | Found a blossoming altar of Fedhas.
    47 | D        | Found a white marble altar of Elyvilon.
    47 | D        | Found a shadowy altar of Dithmenos.
    47 | D        | Found a snail-covered altar of Cheibriados.
    51 | D        | Found a corrupted altar of Lugonu.
    51 | D        | Found a radiant altar of Vehumet.
    52 | D        | Found a broken altar of Ashenzari.
    52 | D        | Found an ancient bone altar of Kikubaaqudgha.
    52 | D        | Found a hide-covered altar of Uskayaw.
    68 | D        | Became a worshipper of Sif Muna the Loreminder
    80 | D        | Reached skill level 1 in Fighting
    80 | D        | Reached skill level 5 in Stealth
    80 | D        | Reached skill level 1 in Invocations
    80 | D        | Reached XP level 2. HP: 25/25 MP: 5/5
    92 | D        | Reached * piety under Sif Muna
   201 | D        | Learned a level 2 spell: Ensorcelled Hibernation
   202 | D        | Noticed a crimson imp
   217 | D        | Reached ** piety under Sif Muna
   232 | D        | Reached skill level 6 in Stealth
   235 | D        | Killed a crimson imp
   236 | D        | Reached skill level 7 in Stealth
   236 | D        | Reached XP level 3. HP: 20/32 MP: 1/7
   377 | D        | Reached XP level 4. HP: 22/39 MP: 8/8
   378 | D        | Reached *** piety under Sif Muna
   385 | D        | Reached skill level 8 in Stealth
   390 | D        | Reached XP level 5. HP: 36/48 MP: 8/10
   405 | D        | Reached **** piety under Sif Muna
   406 | D        | Reached skill level 9 in Stealth
   411 | D        | Reached skill level 5 in Short Blades
   480 | D        | Noticed a sky beast
   482 | D        | Killed a sky beast
   483 | D        | Reached skill level 10 in Stealth
   483 | D        | Reached skill level 5 in Hexes
   483 | D        | Reached XP level 6. HP: 57/57 MP: 10/12
   498 | D        | Noticed a polar bear
   500 | D        | Killed a polar bear
   500 | D        | Reached ***** piety under Sif Muna
   501 | D        | Reached skill level 11 in Stealth
   501 | D        | Reached skill level 5 in Invocations
   501 | D        | Reached XP level 7. HP: 66/66 MP: 12/14
   525 | D        | Reached skill level 12 in Stealth
   525 | D        | Reached skill level 5 in Spellcasting
   527 | D        | Reached skill level 5 in Fighting
   528 | D        | Received a gift from Sif Muna
   531 | D        | Got Sif Muna's Disquisition on Exothermic Anemomancy {god
                  | gift}
   836 | D        | Learned a level 3 spell: Confusing Touch
   840 | D        | Learned a level 3 spell: Tukima's Dance
   844 | D        | Learned a level 3 spell: Dazzling Flash
   848 | D        | Learned a level 3 spell: Swiftness
   854 | D        | Learned a level 4 spell: Flame Wave
   855 | D        | Noticed a lindwurm
   871 | D        | Reached skill level 1 in Fire Magic
   901 | D        | Killed a lindwurm
   902 | D        | Reached skill level 5 in Dodging
   902 | D        | Reached skill level 13 in Stealth
   902 | D        | Reached XP level 8. HP: 47/76 MP: 10/16
  1002 | D        | Noticed an elephant
  1006 | D        | Received a gift from Sif Muna
  1011 | D        | Killed an elephant
  1012 | D        | Reached skill level 14 in Stealth
  1012 | D        | Reached XP level 9. HP: 50/82 MP: 8/18
  1115 | D        | Noticed an ice devil
  1117 | D        | Killed an ice devil
  1117 | D        | Received a gift from Sif Muna
  1118 | D        | Reached skill level 15 in Stealth
  1118 | D        | Got Sif Muna's Commentary on Relocation and the Pyre {god
                  | gift}
  1272 | D        | Noticed a manticore
  1272 | D        | Noticed a freezing wraith
  1287 | D        | HP: 5/127 [freezing wraith (12)]
  1288 | D        | HP: 2/127 [freezing wraith (3)]
  1288 | D        | Demolished by a freezing wraith

Illustrated notes

Levels and vault maps discovered:
D:        pitsprint [storerooms_1, entrance_room_1, metal_vault_2, armoury_3,
          mini_pit_1, grid_room_1, main_hall_1, silver_pit, the_coven_3,
          the_vestibule_1, steel_vault_1, golden_pit, hallway_of_sentries,
          crystal_vault_4, iron_vault_4, final_vault]

Skill      XL: |  1  2  3  4  5  6  7  8  9 |
---------------+----------------------------+-----
Fighting       | 1 2 3 4 5 6 |  6.8
Stealth        | 5 7 8 10 11 13 14 15 | 15.4
Invocations    | 1 2 3 4 5 6 7 |  7.5
Short Blades   | 3 4 5 6 8 9 |  9.8
Dodging        | 2 3 4 5 6 |  6.0
Hexes          | 4 5 6 7 |  7.7
Spellcasting   | 3 4 5 6 |  6.6
Fire Magic     | 3 4 6 |  6.0

Action                     |  1- 3 |  4- 6 |  7- 9 || total
---------------------------+-------+-------+-------++-------
  Melee: Dagger            |    32 |    32 |    22 ||    86
         Punch             |     1 |     2 |       ||     3
         Long sword        |       |       |    14 ||    14
         Rapier            |       |       |     6 ||     6
   Cast: Ensorcelled Hiber |     3 |       |     2 ||     5
         Confusing Touch   |       |       |     1 ||     1
         Ignition          |       |       |     2 ||     2
 Invoke: Divine Exegesis   |       |       |     2 ||     2
Ability: Spit Poison       |       |     1 |       ||     1
    Use: Potion            |     3 |     4 |     3 ||    10
         Scroll            |       |       |     1 ||     1
   Stab: Sleeping          |     4 |     3 |       ||     7
         Invisible         |       |     4 |     3 ||     7
 Armour: Robe              |     3 |     4 |     8 ||    15
  Dodge: Dodged            |    22 |    20 |    37 ||    79

Table legend: (Time is in decaauts)
 A = Elapsed time spent in this place.
 B = Non-inter-level travel time spent in this place.
 C = Inter-level travel time spent in this place.
 D = Time resting spent in this place.
 E = Time spent auto-exploring this place.
 F = Levels seen in this place.
 G = Mean time per level.
                   A        B        C        D        E       F      G
               +--------+--------+--------+--------+--------+-----+--------+
         Total |   1407 |   1315 |     92 |    748 |      0 |   1 | 1407.0 |
       Dungeon |   1407 |   1315 |     92 |    748 |      0 |   1 | 1407.0 |
               +--------+--------+--------+--------+--------+-----+--------+

Top non-repeatable levels by time:
       D: 1407 daAuts
